 Dungeon Crawl Stone Soup version 0.25.1-2-g60ff931df9 (webtiles) character file.

Game seed: 5522717207122539018

4935 DogServant the Arsonist (level 10, 0/64 HPs)
             Began as a Gargoyle Fire Elementalist on Oct 18, 2020.
             Was a Follower of Ashenzari.
             Killed by divine providence
             ... invoked by an orc priest
              (14 damage)
             ... on level 8 of the Dungeon.
             The game lasted 00:22:08 (9329 turns).

DogServant the Arsonist (GrFE)                      Turns: 9329, Time: 00:22:08

Health: 0/64       AC: 13    Str: 12    XL:     10   Next: 52%
Magic:  3/16       EV: 14    Int: 19    God:    Ashenzari [*.....]
Gold:   389        SH:  0    Dex: 17    Spells: 4/17 levels left

rFire    + + .     SeeInvis .   y - +0 war axe of Bun Miuph {venom, Dex+7}
rCold    x . .     Gourm    .   (no shield)
rNeg     + . .     Faith    .   a - +0 robe
rPois    ∞         Spirit   .   o - +2 hat
rElec    +         Reflect  .   (no cloak)
rCorr    .         Harm     .   p - +0 pair of gloves
MR       .....                  e - +0 pair of boots
Stlth    ++........             (no amulet)
HPRegen  0.20/turn              d - ring of protection from fire
MPRegen  0.15/turn              A - ring of fire

@: no status effects
A: negative energy resistance 1, electricity resistance, unbreathing,
petrification resistance, rot immunity, AC +7
a: Curse Item, Scrying, Renounce Religion


You were on level 8 of the Dungeon.
You worshipped Ashenzari.
Ashenzari was aware of your devotion.
You were very hungry.

You visited 2 branches of the dungeon, and saw 9 of its levels.

You collected 389 gold pieces.

Inventory:

Hand Weapons
 f - the +9 falchion of Xaudis {speed, Str+4}
   (You found it on level 7 of the Dungeon)

   Attacks with this weapon are significantly faster.
   It affects your strength (+4).
 y - the +0 war axe of Bun Miuph (weapon) {venom, Dex+7}
   (You found it on level 5 of the Dungeon)

   It poisons the flesh of those it strikes.
   It affects your dexterity (+7).
Armour
 a - a +0 robe (worn)
 e - a +0 pair of boots (worn)
 o - a +2 hat (worn)
 p - a +0 pair of gloves (worn)
Jewellery
 d - a ring of protection from fire (left hand)
 A - a ring of fire (right hand)
Wands
 h - a wand of random effects (20)
 j - a wand of digging (7)
 q - a wand of flame (4)
 s - a wand of enslavement (5)
Scrolls
 g - 7 scrolls of teleportation
 i - 10 scrolls of remove curse
 l - a scroll of amnesia {unknown}
 t - a scroll of immolation {unknown}
 w - a scroll of magic mapping {unknown}
 z - 2 scrolls of fog {unknown}
 B - a scroll of identify
 D - a scroll of silence {unknown}
Potions
 k - a potion of flight
 m - a potion of brilliance
 n - a potion of stabbing
 r - 2 potions of lignification {unknown}
 u - a potion of ambrosia {unknown}
 v - a potion of might {unknown}
 x - a potion of cancellation {unknown}
 E - a potion of haste {unknown}
 F - a potion of berserk rage {unknown}
Comestibles
 c - 13 rations


   Skills:
 - Level 8.0 Fighting
 + Level 3.5 Axes
 + Level 1.0 Armour
 + Level 3.8 Dodging
 - Level 2.1 Stealth
 + Level 4.3 Spellcasting
 + Level 7.1 Conjurations
 - Level 9.4 Fire Magic


You had 4 spell levels left.
You knew the following spells:

 Your Spells              Type           Power        Failure   Level  Hunger
a - Foxfire               Conj/Fire      ####         1%          1    None
b - Sticky Flame          Conj/Fire      ######..     4%          4    ####...
c - Conjure Flame         Conj/Fire      ######..     1%          3    ###....
d - Fireball              Conj/Fire      ######....   12%         5    ######.

Your spell library contained the following spells:

 Spells                   Type           Power        Failure   Level  Hunger
 Inner Flame              Hex/Fire       ####....     6%          3    ###....
 Animate Skeleton         Necr           N/A          14%         1    None
 Apportation              Tloc           #.....       14%         1    None
 Corona                   Hex            #......      14%         1    None
 Summon Small Mammal      Summ           #...         14%         1    None


Dungeon Overview and Level Annotations

Branches:
Dungeon (8/15)             Temple (1/1) D:5
   Lair: D:8-11

Altars:
Ashenzari
Dithmenos
Elyvilon
Fedhas
Kikubaaqudgha
Makhleb
Nemelex Xobeh
Okawaru
Qazlal
Ru
Sif Muna
Trog
Uskayaw
Vehumet
Wu Jian
Yredelemnul
Zin

Shops:
D:6 *   D:8 (


Innate Abilities, Weirdness & Mutations

You are resistant to torment.
Your stone body is resilient. (AC +7)
You are immune to poison.
You resist negative energy. (rN+)
You are resistant to electric shocks. (rElec)
You can survive without breathing.
You are immune to petrification.
You are immune to rotting.


Message History

The fireball engulfs the orc priest!
The orc priest is almost dead.
The fireball engulfs the orc warrior!!
You kill the orc warrior!
Your Armour skill increases to level 1!
The orc priest calls down the wrath of Beogh upon you.
Beogh smites you!
* * * LOW HITPOINT WARNING * * *
You hear a shout!
The orc priest miscasts a cantrip.
The orc priest barely misses you.
You slash the orc priest!
You kill the orc priest!
You hit the phantom but do no damage.
The phantom hits you but does no damage.
You hit the phantom.
The phantom is lightly damaged.
The orc priest calls down the wrath of Beogh upon you.
Beogh smites you!
You die...

............))#
.............)..#..# .
................##.## ..
.................#...# ..
............#.......###.####
.[.........##........#.....#
....#......................#
.!.....................#.##
...........W@).)....####
......#......).....#
#.)##.....#.....##
.#.......####o.###
#...........##......#
###..#.####.##)))#..# ## ##
#...#...#..## ###...####.#
##.## ##


You could see a phantom and an orc priest.

Vanquished Creatures
  Pikel (D:6)
  2 hippogriffs (D:8)
  A hungry ghost (D:7)
  Menkaure (D:4)
  A slave (D:6)
  3 ice beasts
  3 phantoms
  A sky beast (D:6)
  7 orc warriors
  8 ogres
  3 centaurs
  4 bullfrogs
  3 scorpions
  9 wights (D:6)
  7 orc wizards
  3 hounds
  A bullfrog skeleton (D:5)
  4 orc priests
  An iguana (D:4)
  4 worker ants
  Robin (D:3)
  A howler monkey zombie (D:4)
  A worker ant zombie (D:6)
  7 gnolls
  12 adders
  An ooze (D:1)
  An adder skeleton (D:4)
  An adder zombie (D:6)
  3 worms
  2 dart slugs
  3 leopard geckos
  48 orcs
  2 ball pythons
  11 bats
  6 giant cockroaches
  10 hobgoblins
  3 jackals (D:3)
  2 quokkas
  3 frilled lizards
  13 goblins
  6 kobolds
  A quokka zombie (D:6)
  13 rats
218 creatures vanquished.

Vanquished Creatures (others)
  2 orcs (D:6)
  586 foxfires
588 creatures vanquished.

Grand Total: 806 creatures vanquished

Notes
Turn   | Place    | Note
-------+----------+-------------------------------------------
     0 | D:1      | DogServant the Gargoyle Fire Elementalist began the quest
                  | for the Orb.
     0 | D:1      | Reached XP level 1. HP: 10/10 MP: 3/3
   168 | D:1      | Reached XP level 2. HP: 15/15 MP: 1/5
   788 | D:1      | Reached XP level 3. HP: 19/19 MP: 2/6
  1251 | D:2      | Reached skill level 4 in Fire Magic
  1251 | D:2      | Reached XP level 4. HP: 24/24 MP: 0/7
  1794 | D:2      | Found a hide-covered altar of Uskayaw.
  1943 | D:2      | Found a sacrificial altar of Ru.
  2172 | D:3      | Reached XP level 5. HP: 28/28 MP: 2/8
  2616 | D:3      | Noticed Robin
  2909 | D:3      | Killed Robin
  3001 | D:3      | Found a sparkling altar of Nemelex Xobeh.
  3078 | D:3      | Found a bloodstained altar of Trog.
  3200 | D:4      | Noticed Menkaure
  3261 | D:4      | Found a radiant altar of Vehumet.
  3286 | D:4      | Noticed a phantom
  3290 | D:4      | Reached skill level 5 in Fire Magic
  3290 | D:4      | Reached XP level 6. HP: 14/32 MP: 6/9
  3343 | D:4      | Killed a phantom
  3590 | D:4      | Reached skill level 5 in Conjurations
  3788 | D:4      | Reached XP level 7. HP: 36/36 MP: 5/10
  3791 | D:4      | Reached skill level 6 in Fire Magic
  4254 | D:4      | Killed Menkaure
  4582 | D:5      | Entered Level 5 of the Dungeon
  4735 | D:5      | Got a masterwork war axe
  4736 | D:5      | Identified the +0 war axe of Bun Miuph {venom, Dex+7} (You
                  | found it on level 5 of the Dungeon)
  4821 | D:5      | Reached skill level 7 in Fire Magic
  4821 | D:5      | Reached XP level 8. HP: 41/41 MP: 4/11
  4901 | D:5      | Learned a level 4 spell: Sticky Flame
  5028 | D:5      | Reached skill level 1 in Fighting
  5286 | D:5      | Found a basalt altar of Yredelemnul.
  5347 | D:5      | Found a staircase to the Ecumenical Temple.
  5370 | Temple   | Entered the Ecumenical Temple
  5494 | Temple   | Became a worshipper of Ashenzari the Shackled
  5798 | D:6      | Found Fivided's General Store.
  5955 | D:6      | Reached skill level 8 in Fire Magic
  6213 | D:6      | Reached XP level 9. HP: 50/52 MP: 2/12
  6312 | D:6      | Noticed Pikel
  6318 | D:6      | Learned a level 3 spell: Conjure Flame
  6349 | D:6      | Killed Pikel
  6349 | D:6      | Reached skill level 5 in Fighting
  6349 | D:6      | Reached skill level 9 in Fire Magic
  7139 | D:6      | Found a shimmering blue altar of Sif Muna.
  7428 | D:7      | Reached skill level 1 in Axes
  8040 | D:7      | Reached * piety under Ashenzari
  8106 | D:7      | Learned a level 5 spell: Fireball
  8547 | D:7      | Found an ornate altar of the Wu Jian Council.
  8621 | D:8      | Found Dioheiz's Weapon Emporium.
  8640 | D:7      | Got the falchion of Xaudis {speed, Str+4}
  8724 | D:8      | Noticed a two-headed ogre
  8882 | D:8      | Reached XP level 10. HP: 63/63 MP: 8/14
  9312 | D:8      | Noticed a white ugly thing
  9325 | D:8      | Reached skill level 1 in Armour
  9329 | D:8      | Killed from afar by an orc priest

Illustrated notes

Levels and vault maps discovered:
D:1:      dpeg_chamrin_arrival_tetris, layout_rooms, kennysheep_crisscross,
          chequers_serial_rivers_micro_a
D:2:      layout_rooms, marbit_many_paths, nicolae_ru_the_path_less_chosen,
          serial_bayou_lake_a
D:3:      layout_rooms, nemelex_altar_shiori, lightli_temple_of_fire,
          first_ration, uniq_robin
D:4:      layout_basic, lemuel_crystal_altar, bh_walls_and_bars, uniq_menkaure
D:5:      layout_cave_pools, lemuel_crystal_altar,
          minmay_temple_entry_glassed_door
D:6:      layout_cave_pools, lemuel_blue_sif_altar, serial_shops, shop_statue,
          grunt_ministairs_3, minmay_misc_feat_secret_circle, corexii_shack,
          uniq_pikel
D:7:      layout_layer_cave, lemuel_coloured_pillars_altar, grunt_ministairs_6
D:8:      layout_cave_pools, special_room [special_room_orc], serial_shops,
          shop, uniq_gastronok
Temple:   nicolae_temple_figure_zero

Skill      XL: |  1  2  3  4  5  6  7  8  9 10 |
---------------+-------------------------------+-----
Conjurations   | 2 3 4 5 6 7 |  7.1
Fire Magic     | 4 5 7 8 9 |  9.4
Fighting       | 4 7 8 |  8.0
Axes           | 2 3 |  3.5
Dodging        | 2 3 |  3.8
Spellcasting   | 3 4 |  4.3
Armour         | 1 |  1.0
Stealth        | |  2.1

Action                   |  1- 3 |  4- 6 |  7- 9 | 10-12 || total
-------------------------+-------+-------+-------+-------++-------
Melee: Unarmed           |    12 |       |       |       ||    12
       Short sword       |       |    66 |     3 |       ||    69
       War axe           |       |       |    86 |    80 ||   166
 Cast: Foxfire           |    60 |    95 |   152 |    37 ||   344
       Sticky Flame      |       |       |    12 |     6 ||    18
       Fireball          |       |       |       |     1 ||     1
  Use: Scroll            |       |     8 |     3 |     1 ||    12
       Potion            |       |     1 |     3 |       ||     4
 Stab: Sleeping          |       |     2 |     1 |       ||     3
  Eat: Chunk             |     2 |    10 |    20 |     2 ||    34
Armor: Robe              |     7 |    43 |    87 |    38 ||   175
Dodge: Dodged            |    21 |    40 |   128 |    80 ||   269
